 Dungeon Crawl Stone Soup version 0.30-a0-728-gc68057be0a (webtiles) character file.

Game seed: 3696283286875415236

200 Laraso the Cudgeller (level 5, 40/44 HPs)
             Began as an Armataur Berserker on Feb 1, 2023.
             Was a Believer of Trog.
             Quit the game on level 3 of the Dungeon.
             The game lasted 00:02:56 (2093 turns).

Laraso the Cudgeller (Armataur Berserker)           Turns: 2093, Time: 00:02:56

Health: 40/44      AC:  7    Str: 22    XL:     5   Next: 48%
Magic:  5/5        EV:  4    Int: 11    God:    Trog [**....]
Gold:   149        SH: 10    Dex:  8    Spells: 4/4 levels left

rFire   + . .      SeeInvis .    a - +0 mace
rCold   . . .      Faith    .    f - +0 kite shield
rNeg    . . .      Spirit   .    j - +0 chain mail
rPois   .          Reflect  +    (no helmet)
rElec   .          Harm     .    (no cloak)
rCorr   .          Roll     +    (no gloves)
Will    +....                    (no barding) Stlth
                                 q - amulet of reflection
HPRegen 0.27/turn                b - ring of flight
MPRegen 0.09/turn                o - ring of willpower

@: flying
A: large, rugged brown scales 3, deformed body, armoured tail, roll, long
tongue, awkward tongue, hooves 1, clever 1, clumsy 1, fire resistance 1
a: Renounce Religion, Berserk, Trog's Hand


You were on level 3 of the Dungeon.
You worshipped Trog.
Trog was pleased with you.
You visited 1 branch of the dungeon, and saw 3 of its levels.

You collected 149 gold pieces.

Inventory:

Hand Weapons
 a - a +0 mace (weapon)
Armour
 f - a +0 kite shield (worn)
 j - a +0 chain mail (worn)
Jewellery
 b - a ring of flight (left hand)
 o - a ring of willpower (right hand)
 q - an amulet of reflection (around neck)
Scrolls
 g - a scroll of enchant armour
 h - a scroll of summoning {unknown}
Potions
 c - 3 potions of curing
 d - a potion of attraction {unknown}
 e - a potion of haste
 k - 2 potions of might
 n - 2 potions of heal wounds
 p - a potion of degeneration {unknown}


   Skills:
 - Level 2.6 Fighting
 * Level 5.7 Maces & Flails
 - Level 2.4 Armour
 - Level 1.3 Dodging


You had 4 spell levels left.
You didn't know any spells.
Your spell library was empty.

Dungeon Overview and Level Annotations

Branches:
Dungeon (3/15)

Altars:
Elyvilon
Xom
Zin


Innate Abilities, Weirdness & Mutations

You are completely covered in rugged brown scales. (AC +3, +7% HP)
Armour fits poorly on your strangely shaped body.
You have a long armoured tail.
You roll when moving toward enemies. (Rampage)
Your long tongue fully drains potion bottles. (2x potion effects)
Your tongue gives you trouble enunciating. (1.5x scroll delay)
You have large cloven feet.
Your mind is acute. (Int +4, Str/Dex -1)
You are clumsy. (Dex -2)
Your flesh is heat resistant. (rF+)


Message History

No target in view!
No target in view!
HP restored.
Found a scroll of identify.
You now have 149 gold pieces (gained 10).
Items here: )))) ††.
i - a scroll of identify As you slowly read the scroll of identify, it crumbles to dust.
m - 2 potions of mutation
Found a book of the Hunter.
An endoplasm comes into view.
The endoplasm quivers.
You see here a book of the Hunter.
An endoplasm is nearby!
An endoplasm is nearby!
Found a white marble altar of Elyvilon.
You roll towards the endoplasm!
You hit the endoplasm.
The endoplasm is almost dead.
The endoplasm freezes you.
You are frozen.
You sock the endoplasm!
You kill the endoplasm!
Trog accepts your kill.
No target in view!
Really quaff the potion of mutation?
You slurp down every last drop of the 2 potions of mutation!
You feel extremely strange.
Your fingernails lengthen.
You feel clumsy. x2
You occasionally lose the ability to read scrolls when taking damage.
You occasionally lose the ability to drink potions when taking damage.
Your feet thicken and deform.
You feel resistant to heat.
Really quaff the potion of mutation?
You slurp down every last drop of the potion of mutation!
You feel extremely strange.
You no longer become unable to drink potions after taking damage.
You feel agile.
You no longer become unable to read scrolls after taking damage.
Your fingernails shrink to normal size.
A pair of horns grows on your head! The horns on your head shrink away.
You feel clever.
Are you sure you want to abandon this character and quit the game? (Confirm with "yes".)

.............÷ ...P.
.###........... ....
...#.#......... #._.
#.#...#.........
#...###.....#.......).
##.P.......#...........
#..........##.#:#..#:..
#................#...
#..@.# ###.....###..
####...# #.......# #..
#......# #.###...# #..
#.###:.# #.# #...####.
##.###..###.# #........
............# ###......
.........######....##..
................#.###..
......##.....###### #..


There were no monsters in sight!

Vanquished Creatures
  A hound (D:3)
  Natasha (thrice) (D:3)
  2 adders
  A worm (D:2)
  2 dart slugs (D:3)
  5 orcs
  5 ball pythons
  4 bats
  8 endoplasms
  5 giant cockroaches
  8 hobgoblins
  4 kobolds
  2 quokkas
  3 frilled lizards
  7 goblins
  4 rats
64 creatures vanquished.

Notes
Turn   | Place    | Note
-------+----------+-------------------------------------------
     0 | D:1      | Laraso the Armataur Berserker began the quest for the Orb.
     0 | D:1      | Reached XP level 1. HP: 19/19 MP: 1/1
    84 | D:1      | Reached skill level 3 in Maces & Flails
   268 | D:1      | Reached XP level 2. HP: 20/26 MP: 2/2
   779 | D:1      | Reached ** piety under Trog
   854 | D:2      | Reached XP level 3. HP: 23/32 MP: 3/3
   953 | D:2      | Reached skill level 4 in Maces & Flails
   985 | D:2      | Identified the +1 dagger of the Desolation of Salt {drain,
                  | rC- rCorr Dex+2 Stlth+}
  1133 | D:2      | You fall into a shaft and drop 1 floor!
  1143 | D:3      | Found a shimmering altar of Xom.
  1146 | D:3      | Noticed an angel
  1148 | D:3      | Found a glowing silver altar of Zin.
  1152 | D:3      | Noticed Natasha
  1157 | D:3      | Killed Natasha
  1158 | D:3      | Reached XP level 4. HP: 31/39 MP: 4/4
  1634 | D:3      | Noticed Natasha
  1639 | D:3      | Killed Natasha
  1640 | D:3      | Reached skill level 5 in Maces & Flails
  1716 | D:3      | Reached XP level 5. HP: 40/44 MP: 5/5
  1745 | D:3      | Noticed Natasha
  1751 | D:3      | Killed Natasha
  2087 | D:3      | Found a white marble altar of Elyvilon.
  2091 | D:3      | Gained mutation: You have sharp fingernails. [potion of
                  | mutation]
  2091 | D:3      | Gained mutation: You are clumsy. (Dex -2) [potion of
                  | mutation]
  2091 | D:3      | Gained mutation: You are very clumsy. (Dex -4) [potion of
                  | mutation]
  2091 | D:3      | Gained mutation: You occasionally lose the ability to read
                  | scrolls when taking damage. [potion of mutation]
  2091 | D:3      | Gained mutation: You occasionally lose the ability to drink
                  | potions when taking damage. [potion of mutation]
  2091 | D:3      | Gained mutation: You have large cloven feet. [potion of
                  | mutation]
  2091 | D:3      | Gained mutation: Your flesh is heat resistant. (rF+)
                  | [potion of mutation]
  2092 | D:3      | Lost mutation: You occasionally lose the ability to drink
                  | potions when taking damage. [potion of mutation]
  2092 | D:3      | Lost mutation: You are very clumsy. (Dex -4) [potion of
                  | mutation]
  2092 | D:3      | Lost mutation: You occasionally lose the ability to read
                  | scrolls when taking damage. [potion of mutation]
  2092 | D:3      | Lost mutation: You have sharp fingernails. [potion of
                  | mutation]
  2092 | D:3      | Gained mutation: You have a pair of small horns on your
                  | head. [potion of mutation]
  2092 | D:3      | Lost mutation: You have a pair of small horns on your head.
                  | [potion of mutation]
  2092 | D:3      | Gained mutation: Your mind is acute. (Int +4, Str/Dex -1)
                  | [potion of mutation]
  2093 | D:3      | Quit the game

Illustrated notes

Levels and vault maps discovered:
D:1:      co_arrival_square_in_a_square_in_a_square, layout_basic
D:2:      layout_basic, minmay_unequal
D:3:      layout_rooms, grunt_temple_overflow_order_and_chaos_1,
          mainiacjoe_overflow_tiny_flanked, uniq_natasha

Skill      XL: |  1  2  3  4 |
---------------+-------------+-----
Maces & Flails | 3 4 5 |  5.7
Fighting       | |  2.6
Armour         | |  2.4
Dodging        | |  1.3

Action                     |  1- 3 |  4- 6 || total
---------------------------+-------+-------++-------
  Melee: Mace              |    96 |    73 ||   169
         Tailslap          |    10 |     6 ||    16
         Punch             |     1 |       ||     1
    Use: Potion            |     1 |     2 ||     3
         Scroll            |       |     9 ||     9
 Armour: Animal skin       |    15 |       ||    15
         Chain mail        |    21 |    32 ||    53
  Dodge: Dodged            |    21 |     9 ||    30
  Block: Kite shield       |    20 |    24 ||    44

Table legend: (Time is in decaauts)
 A = Elapsed time spent in this place.
 B = Non-inter-level travel time spent in this place.
 C = Inter-level travel time spent in this place.
 D = Time resting spent in this place.
 E = Time spent auto-exploring this place.
 F = Levels seen in this place.
 G = Mean time per level.
                   A        B        C        D        E       F      G
               +--------+--------+--------+--------+--------+-----+--------+
         Total |   2149 |   2081 |     68 |    385 |   1239 |   3 |  716.3 |
       Dungeon |   2149 |   2081 |     68 |    385 |   1239 |   3 |  716.3 |
               +--------+--------+--------+--------+--------+-----+--------+

Top non-repeatable levels by time:
     D:1: 853 daAuts
     D:2: 721 daAuts
     D:3: 574 daAuts
